 Dungeon Crawl Stone Soup version 0.31.0-9-g3a7656b989 (webtiles) character file.

Game seed: 1418416988005437113

65 qw the Shooter (level 3, 0/20 HPs)
             Began as a Deep Elf Hunter on Feb 2, 2024.
             Slain by an orc priest
             ... wielding a +0 short sword
              (6 damage)
             ... on level 2 of the Dungeon.
             The game lasted 00:00:03 (594 turns).

qw the Shooter (Deep Elf Hunter)                     Turns: 594, Time: 00:00:03

Health: 0/20       AC:  3    Str:  9    XL:     3   Next: 94%
Magic:  5/5        EV: 12    Int: 17    God:
Gold:   55         SH:  0    Dex: 17    Spells: 2/2 levels left

rFire   . . .        a - +0 shortbow
rCold   . . .        (shield currently unavailable)
rNeg    . . .        c - +0 leather armour
rPois   .            (no helmet)
rElec   .            (no cloak)
rCorr   .            (no gloves)
SInv    .            (no boots)
Will    .....        (no amulet)
Stlth   ++           (no ring)
HPRegen 0.23/turn    (no ring)
MPRegen 0.09/turn

%: no passive effects
@: no status effects
A: clever 1
a: no special abilities


You were on level 2 of the Dungeon.
You visited 1 branch of the dungeon, and saw 2 of its levels.

You collected 55 gold pieces.


Innate Abilities, Weirdness & Mutations

Your mind is acute. (Int +4, Str/Dex -1)


   Skills:
 - Level 1.5 Fighting
 + Level 7.4 Ranged Weapons
 - Level 2.4 Dodging
 - Level 1.2 Stealth


You had 2 spell levels left.
You didn't know any spells.
Your spell library was empty.

Inventory:

Hand Weapons
 a - a +0 shortbow (weapon)
Armour
 c - a +0 leather armour (worn)
Potions
 b - a potion of ambrosia {unknown}
 f - a potion of mutation

Dungeon Overview and Level Annotations

Branches:
Dungeon (2/15)

Altars:
Uskayaw

Shops:
D:2 :


Message History

You kill the orc priest!
An orc comes into view. It is wielding a +0 dagger.
Your Ranged Weapons skill increases to level 7!
You shoot an arrow. The orc shouts!
The arrow hits the jackal.
The jackal is severely wounded.
An orc comes into view.
It is wielding a +0 trident and wearing a +2 chain mail of poison resistance.
The jackal closely misses you.
You shoot an arrow.
The arrow hits the jackal but does no damage.
The jackal is severely wounded.
The orc throws a boomerang.
The boomerang hits you but does no damage.
A jackal comes into view.
The jackal bites you.
You shoot an arrow. The jackal barks!
The arrow hits the jackal!
You kill the jackal!
An orc priest comes into view. It is wielding a +0 short sword.
You shoot an arrow. The arrow completely misses the orc.
The arrow barely misses the orc.
You shoot an arrow. The arrow hits the orc!
You kill the orc!
You shoot an arrow. The arrow hits the jackal.
The jackal is severely wounded.
The orc throws a boomerang.
The boomerang hits you.
You shoot an arrow.
The arrow hits the jackal but does no damage.
The jackal is severely wounded.
The jackal bites you. The jackal barely misses you.
The orc priest invokes the aid of Beogh against you.
Pain shoots through your body!
You shoot an arrow. The arrow completely misses the jackal.
The jackal bites you but does no damage.
You shoot an arrow. The arrow hits the jackal.
You kill the jackal!
The orc priest hits you with a +0 short sword.
You die...

.........#......#
#######.#####.#.#### #
#.####...)...# .#
######.(.....#.##.# ..#
#.....##....##.##.####...##
#.....##)..........o.......
#...........##.......$.....
#.....##....##.............
#.....###.@oo)....####...##
####### #%######### ..# #.#
.# #.# # #.# #.# ######.#
#....<.# .#######.######


You could see an orc priest and an orc.

Vanquished Creatures
  An orc priest (D:2)
  2 dart slugs (D:1)
  An orc (D:2)
  A ball python (D:1)
  2 endoplasms (D:1)
  4 giant cockroaches (D:1)
  3 goblins (D:1)
  8 jackals
  2 bats (D:1)
  2 frilled lizards (D:1)
  2 kobolds
  A rat (D:1)
29 creatures vanquished.

Notes
Turn   | Place    | Note
-------+----------+-------------------------------------------
     0 | D:1      | qw the Deep Elf Hunter began the quest for the Orb.
     0 | D:1      | Reached XP level 1. HP: 12/12 MP: 3/3
     0 | D:1      | 0 ||| qw: Version: 0.3-a-155-g5e7d8dd
     0 | D:1      | 0 ||| qw: Game counter: 205
     0 | D:1      | 0 ||| qw: Melee chars always use a shield: true
     0 | D:1      | 0 ||| qw: God list: Okawaru
     0 | D:1      | 0 ||| qw: Allow faded altars: false
     0 | D:1      | 0 ||| qw: Do Orc after clearing Dungeon:15 true
     0 | D:1      | 0 ||| qw: Do second Lair branch before Depths: true
     0 | D:1      | 0 ||| qw: Lair rune preference: random
     0 | D:1      | 0 ||| qw: Goals: Normal
     0 | D:1      | 0 ||| PLANNING D:1-11
    62 | D:1      | Reached skill level 6 in Ranged Weapons
    62 | D:1      | Reached XP level 2. HP: 16/16 MP: 4/4
   344 | D:1      | Found a faded altar of an unknown god.
   383 | D:1      | Reached XP level 3. HP: 20/20 MP: 5/5
   499 | D:1      | 499 ||| READING scroll labelled IFA LONEOVIUCW.
   503 | D:1      | 503 ||| READING scroll labelled PAMEOQ BYLAUB.
   503 | D:1      | 503 ||| ENCHANTING +0 shortbow.
   504 | D:1      | 504 ||| READING scroll labelled UQEMOI OTECAO.
   505 | D:1      | 505 ||| DRINKING 2 fuming green potions.
   505 | D:1      | Gained mutation: Your mind is acute. (Int +4, Str/Dex -1)
                  | [potion of mutation]
   506 | D:1      | 506 ||| DROPPING scroll of butterflies.
   543 | D:2      | Found Imesoni Jaamn's Book Shop.
   551 | D:2      | Found a hide-covered altar of Uskayaw.
   572 | D:2      | 572 ||| FLEEEEING.
   573 | D:2      | 573 ||| FLEEEEING.
   574 | D:2      | 574 ||| FLEEEEING.
   575 | D:2      | 575 ||| FLEEEEING.
   576 | D:2      | 576 ||| FLEEEEING.
   577 | D:2      | 577 ||| FLEEEEING.
   578 | D:2      | 578 ||| FLEEEEING.
   579 | D:2      | 579 ||| FLEEEEING.
   582 | D:2      | 582 ||| FLEEEEING.
   586 | D:2      | Reached skill level 7 in Ranged Weapons
   592 | D:2      | HP: 5/20 [orc priest/nerve-wracking pain (2)]
   594 | D:2      | Slain by an orc priest

Levels and vault maps discovered:
D:1:      dpeg_arrival_ternary, layout_basic,
          hellmonk_ecumenical_altar_heavens_door
D:2:      layout_loops_cross, serial_shops, shop, shop, shop, basic_altar

Skill      XL: |  1  2  3 |
---------------+----------+-----
Ranged Weapons | 6 7 |  7.4
Fighting       | |  1.5
Dodging        | |  2.4
Stealth        | |  1.2

Action                     || total
---------------------------++-------
   Fire: Shortbow          ||    71
    Use: Scroll            ||     3
         Potion            ||     1
 Armour: Leather armour    ||    23
  Dodge: Dodged            ||    18

Table legend:
 A = Non-vault XP
 B = Vault XP
 C = Vault XP percentage of total XP
 D = Non-vault monster count
 E = Vault monster count
 F = Vault count percentage of total count
                 A         B        C        D         E       F
            +---------+---------+-------+---------+---------+-------
      Total |      96 |       0 |   0.0 |      29 |       0 |   0.0
            +---------+---------+-------+---------+---------+-------
        D:1 |      44 |       0 |   0.0 |      23 |       0 |   0.0
        D:2 |      52 |       0 |   0.0 |       6 |       0 |   0.0
            +---------+---------+-------+---------+---------+-------
